 Dungeon Sprint DCSS version 0.28-a0-845-gfc338a8e3c (webtiles) character file.

Game seed: 14893486750793017077

1255 kklluuttzz the Fighter (level 8, -3/81 HPs)
             Began as a Formicid Fighter on Nov 12, 2021.
             Was a Follower of Sif Muna.
             Slain by a centaur warrior (4 damage)
             ... in the Dungeon (Sprint I: "Red Sonja").
             The game lasted 00:02:27 (536 turns).

kklluuttzz the Fighter (Formicid Fighter)            Turns: 536, Time: 00:02:27

Health: -3/81      AC:  3    Str: 22    XL:     8   Next: 80%
Magic:  8/8        EV:  9    Int:  9    God:    Sif Muna [*.....]
Gold:   405        SH:  4    Dex: 10    Spells: 7/7 levels left

rFire   . . .      SeeInvis +   a - +0 war axe
rCold   . . .      Faith    .   c - +0 buckler
rNeg    . . .      Spirit   .   b - +0 scale mail
rPois   .          Reflect  .   (helmet unavailable)
rElec   .          Harm     .   (no cloak)
rCorr   .          Rampage  .   (no gloves)
Will    .....                   (no boots)
Stlth   ..........              (no amulet)
HPRegen 0.23/turn               (no ring)
MPRegen 0.11/turn               (no ring)

@: no status effects
A: permanent stasis, dig shafts and tunnels, antennae 3, four strong arms,
deformed body
a: Dig, Renounce Religion, Channel Magic


You were in the Dungeon.
You worshipped Sif Muna.
Sif Muna was aware of your devotion.
You visited 1 branch You collected 405 gold pieces.

Inventory:

Hand Weapons
 a - a +0 war axe (weapon)
Missiles
 i - 5 curare-tipped darts
Armour
 b - a +0 scale mail (worn)
 c - a +0 buckler (worn)
Wands
 d - a wand of polymorph (2)
Scrolls
 h - a scroll of fog {unknown}
Potions
 e - a potion of curing
 g - 2 potions of magic


   Skills:
 - Level 14.1 Fighting
 + Level 13.3 Axes
 - Level 3.2 Armour
 - Level 3.6 Shields


You had 7 spell levels left.
You didn't know any spells.
Your spell library was empty.

Dungeon Overview and Level Annotations

Branches:
Dungeon (1/1)

Altars:
Cheibriados
Dithmenos
Elyvilon
Fedhas
Gozag
Hepliaklqana
Kikubaaqudgha
Makhleb
Nemelex Xobeh
Okawaru
Qazlal
Ru
Sif Muna
Trog
Uskayaw
Vehumet
Wu Jian
Xom
Yredelemnul
Zin
The Shining One
Jiyva
Lugonu

Shops:
D :=


Innate Abilities, Weirdness & Mutations

You cannot be hasted, slowed, berserked, paralysed or teleported.
You can dig through walls and to a lower floor.
You have a pair of large antennae on your head. (SInv)
Your four strong arms can wield two-handed weapons with a shield.
Armour fits poorly on your strangely shaped body.


Message History

The centaur warrior hits you. The centaur warrior kicks you.
You slash the centaur warrior!
The centaur warrior is moderately wounded.
The centaur warrior hits you! The centaur warrior kicks you.
You slash the centaur warrior!
The centaur warrior is heavily wounded.
The centaur warrior hits you! The centaur warrior barely misses you.
The centaur warrior hits you.
The centaur warrior kicks you but does no damage.
You hit the centaur warrior but do no damage.
The centaur warrior is heavily wounded.
The centaur warrior hits you!
* * * LOW HITPOINT WARNING * * *
The centaur warrior kicks you.
* * * LOW HITPOINT WARNING * * *
You feel much better. The centaur warrior barely misses you.
The centaur warrior kicks you.
You slash the centaur warrior!
The centaur warrior is severely wounded.
The centaur warrior hits you. The centaur warrior kicks you.
The centaur warrior hits you!
* * * LOW HITPOINT WARNING * * *
The centaur warrior kicks you.
* * * LOW HITPOINT WARNING * * *
Unknown command.
Unknown command.
You slash the centaur warrior!
The centaur warrior is almost dead.
The centaur warrior hits you but does no damage.
The centaur warrior kicks you.
* * * LOW HITPOINT WARNING * * *
You barely miss the centaur warrior.
The centaur warrior is almost dead.
You block the centaur warrior's attack. The centaur warrior barely misses you.
You barely miss the centaur warrior.
The centaur warrior is severely wounded.
The centaur warrior hits you!
* * * LOW HITPOINT WARNING * * *
The centaur warrior kicks you.
You die...

###################
#<.#..'.)#..'..#__#
#..)..#..').#..'..+
#..#####'#####'#__#
##{
#..####..#...#[####(§#
#..#__####..##.#≈§§..#
#..#_____##'#_.@c§§.§+
#⌠⌠#_.∩...'..._#§§§..#
####_..__##_.#'##+####
#_____###'#(#
############.###
#∩........'...+ {
###++++####...#
{{....# ##.## {...G.#
#+# {{


You could see a centaur warrior.

Vanquished Creatures
  Sonja (D)
  A slime creature (D)
  Sigmund (D)
  A yak (D)
  A floating eye (D)
  An ogre (D)
  A jelly (D)
  Ijyb (D)
8 creatures vanquished.

Notes
Turn   | Place    | Note
-------+----------+-------------------------------------------
     0 | D        | kklluuttzz the Formicid Fighter began the quest for the
                  | Orb.
     0 | D        | Reached XP level 1. HP: 18/18 MP: 1/1
     1 | D        | Noticed Ijyb
     7 | D        | Killed Ijyb
     8 | D        | Reached skill level 5 in Fighting
     8 | D        | Reached XP level 2. HP: 18/27 MP: 2/2
     8 | D        | Reached XP level 3. HP: 22/33 MP: 3/3
    12 | D        | Noticed an ogre
    19 | D        | Killed an ogre
    20 | D        | Reached skill level 7 in Fighting
    20 | D        | Reached XP level 4. HP: 32/44 MP: 4/4
    20 | D        | Reached XP level 5. HP: 36/49 MP: 5/5
    23 | D        | Noticed Sigmund
    29 | D        | Killed Sigmund
    30 | D        | Reached skill level 10 in Fighting
    30 | D        | Reached XP level 6. HP: 46/60 MP: 6/6
    40 | D        | Found a burning altar of Makhleb.
    40 | D        | Found a viscous altar of Jiyva.
    40 | D        | Found a shimmering altar of Xom.
    40 | D        | Found a corrupted altar of Lugonu.
    40 | D        | Noticed a slime creature
    51 | D        | Killed a slime creature
    52 | D        | Reached skill level 11 in Fighting
    52 | D        | Reached skill level 10 in Axes
    52 | D        | Reached XP level 7. HP: 31/69 MP: 7/7
   237 | D        | Found an ornate altar of the Wu Jian Council.
   237 | D        | Found a shimmering blue altar of Sif Muna.
   239 | D        | Found a radiant altar of Vehumet.
   246 | D        | Became a worshipper of Sif Muna the Loreminder
   274 | D        | Found Doacsu's Jewellery Emporium.
   274 | D        | Found an ancient bone altar of Kikubaaqudgha.
   274 | D        | Found a hazy altar of Hepliaklqana.
   274 | D        | Found a stormy altar of Qazlal.
   274 | D        | Found a hide-covered altar of Uskayaw.
   274 | D        | Found a blossoming altar of Fedhas.
   274 | D        | Found a bloodstained altar of Trog.
   274 | D        | Found an iron altar of Okawaru.
   274 | D        | Found a basalt altar of Yredelemnul.
   274 | D        | Found a glowing golden altar of the Shining One.
   274 | D        | Found a snail-covered altar of Cheibriados.
   274 | D        | Found a sacrificial altar of Ru.
   274 | D        | Found a glowing silver altar of Zin.
   274 | D        | Found a shadowy altar of Dithmenos.
   274 | D        | Found a white marble altar of Elyvilon.
   274 | D        | Noticed a yak
   277 | D        | Killed a yak
   278 | D        | Reached skill level 12 in Fighting
   278 | D        | Found an opulent altar of Gozag.
   279 | D        | Found a sparkling altar of Nemelex Xobeh.
   288 | D        | Noticed Sonja
   292 | D        | Killed Sonja
   293 | D        | Reached skill level 14 in Fighting
   293 | D        | Reached XP level 8. HP: 42/81 MP: 8/8
   476 | D        | Found Rirovumo's Book Boutique.
   485 | D        | Noticed a shining eye
   485 | D        | Noticed a shining eye
   485 | D        | Noticed a shining eye
   487 | D        | Reached * piety under Sif Muna
   487 | D        | Gained mutation: Armour fits poorly on your strangely
                  | shaped body. [a shining eye]
   519 | D        | Noticed a centaur warrior
   523 | D        | Noticed a centaur warrior
   536 | D        | HP: 1/81 [centaur warrior (8)]
   536 | D        | Slain by a centaur warrior

Illustrated notes

Levels and vault maps discovered:
D:        dungeon_sprint_1 [red_sonja_temple_1, red_sonja_temple_small_1]

Skill      XL: |  1  2  3  4  5  6  7  8 |
---------------+-------------------------+-----
Fighting       | 5 7 10 11 14 | 14.1
Axes           | 4 6 9 10 12 13 | 13.3
Armour         | |  3.2
Shields        | |  3.6

Action                   |  1- 3 |  4- 6 |  7- 9 || total
-------------------------+-------+-------+-------++-------
Melee: War axe           |     3 |    13 |    17 ||    33
       Unarmed           |     5 |       |       ||     5
  Use: Potion            |     1 |       |     1 ||     2
Armor: Scale mail        |     1 |     5 |     4 ||    10
       Skin              |       |     1 |       ||     1
Dodge: Dodged            |       |     1 |     6 ||     7
Block: Buckler           |       |       |     2 ||     2

Table legend: (Time is in decaauts)
 A = Elapsed time spent in this place.
 B = Non-inter-level travel time spent in this place.
 C = Inter-level travel time spent in this place.
 D = Time resting spent in this place.
 E = Time spent auto-exploring this place.
 F = Levels seen in this place.
 G = Mean time per level.
                   A        B        C        D        E       F      G
               +--------+--------+--------+--------+--------+-----+--------+
         Total |    537 |    537 |      0 |    340 |      0 |   1 |  537.0 |
       Dungeon |    537 |    537 |      0 |    340 |      0 |   1 |  537.0 |
               +--------+--------+--------+--------+--------+-----+--------+

Top non-repeatable levels by time:
       D: 537 daAuts
